 Dungeon Crawl Stone Soup version 0.19-a0-262-g5df7875 (webtiles) character file.

43 oplop the Sneak (level 3, -3/16 HPs)
             Began as a Vine Stalker Enchanter on May 25, 2016.
             Slain by Natasha (7 damage)
             ... on level 2 of the Dungeon.
             The game lasted 00:01:26 (1035 turns).

oplop the Sneak (Vine Stalker Enchanter)            Turns: 1035, Time: 00:01:27

Health: -3/16      AC:  3    Str: 10    XL:     3   Next: 58%
Magic:  0/8        EV: 12    Int: 19    God:
Gold:   54         SH:  0    Dex: 15    Spells: 2 memorised, 4 levels left

rFire  . . .     SeeInvis .     a - +1 dagger
rCold  . . .     Gourm    .     b - +1 robe
rNeg   . . .     Faith    .     (no shield)
rPois  +         Spirit   +     (no helmet)
rElec  .         Dismiss  .     (no cloak)
rCorr  .         Reflect  .     (no gloves)
SustAt .         Harm     .     (no boots)
MR     .....                    (no amulet)
Stlth  +++.......               g - +4 ring of intelligence
                                e - ring of poison resistance

@: slowed, very slow, not resistant to hostile enchantments, fairly stealthy
A: fangs 2, regeneration 1, magic shield, antimagic bite, no device heal 3, rot
immunity
a: no special abilities


You were on level 2 of the Dungeon.
You were hungry.

You visited 1 branch of the dungeon, and saw 2 of its levels.

You collected 54 gold pieces.

Inventory:

Hand Weapons
 a - a +1 dagger (weapon)
Missiles
 f - 14 poisoned needles
 k - 5 curare-tipped needles
 l - a throwing net (quivered)
Armour
 b - a +1 robe (worn)
Jewellery
 e - a ring of poison resistance (left hand)
 g - a +4 ring of intelligence (right hand)
 i - an uncursed ring of protection from fire
Scrolls
 h - a scroll of noise {unknown}
 j - 5 scrolls of remove curse {unknown}
Books
 c - a book of Maledictions

   Spells                             Type                      Level
   a - Corona                         Hexes                        1
   b - Ensorcelled Hibernation        Hexes/Ice                    2
   c - Confuse                        Hexes                        3
   d - Tukima's Dance                 Hexes                        3
   e - Dazzling Spray                 Conjuration/Hexes            3
Comestibles
 d - a bread ration


   Skills:
 - Level 0.8 Short Blades
 - Level 1.5 Dodging
 + Level 4.3 Stealth
 + Level 2.8 Spellcasting
 + Level 3.6 Hexes


You had 4 spell levels left.
You knew the following spells:

 Your Spells              Type           Power        Failure   Level  Hunger
a - Corona                Hex            ###....      4%          1    None
b - Ensorcelled Hibernat  Hex/Ice        #.....       12%         2    ##.....


Dungeon Overview and Level Annotations

Branches:
Dungeon (2/15)

Altars:

Annotations:
D:2 Natasha


Innate Abilities, Weirdness & Mutations

You have extremely sharp teeth.
Your natural rate of healing is unusually fast.
When hurt, damage is shared between your health and your magic reserves.
Your bite disrupts and absorbs the magic of your enemies.
Potions and wands cannot restore your health.
You are immune to rotting.


Message History

Unknown command.
You hit Natasha.
Natasha is moderately wounded.
The giant newt barely misses you.
The kobold throws a stone.
The stone closely misses you. Natasha barely misses you.
The giant newt barely misses you.
You closely miss Natasha. Your bite misses Natasha.
Natasha is moderately wounded.
The kobold throws a stone.
The stone misses you. Natasha claws you. The giant newt bites you.
The kobold throws a stone.
The stone barely misses you.
Casting: Ensorcelled Hibernation
Confirm with . or Enter, or press ? or * to list all spells.
Aiming: Corona
Press: ? - help, Shift-Dir - straight line, f/p - Natasha
Aim: Natasha (moderately wounded, chance to defeat MR: 53%) Natasha is outlined in light.
Natasha claws you. The giant newt bites you.
* * * LOW HITPOINT WARNING * * *
Natasha claws you!
You die...

#.# #.#.#
#..[......#
#.#.#.#.#.#
.....!>..#
#.#(#.#.##
...K.....#
...#.#h#.#..###
......l@.$....#
..#....(......#
.......#......#
...#...#...<..# ≈≈
..
#.%.#......###.≈≈≈
.
###............≈≈≈
#..#......###.≈≈
....#......# .##
######.#


You could see Natasha, a kobold and a giant newt.

Vanquished Creatures
  Natasha (D:2)
  A dart slug (D:1)
  A giant gecko (D:1)
  2 bats (D:1)
  4 goblins
  A hobgoblin (D:1)
  2 kobolds (D:2)
  3 rats
15 creatures vanquished.

Vanquished Creatures (others)
  10 toadstools (D:2)
10 creatures vanquished.

Grand Total: 25 creatures vanquished

Notes
Turn   | Place    | Note
--------------------------------------------------------------
     0 | D:1      | oplop the Vine Stalker Enchanter began the quest for the Orb.
     0 | D:1      | Reached XP level 1. HP: 9/9 MP: 4/4
   475 | D:1      | Reached XP level 2. HP: 13/13 MP: 6/6
   553 | D:1      | Learned a level 2 spell: Ensorcelled Hibernation
   913 | D:2      | Noticed Natasha
   922 | D:2      | Killed Natasha
   922 | D:2      | Reached skill level 4 in Stealth
   922 | D:2      | Reached XP level 3. HP: 16/16 MP: 5/8
   937 | D:2      | Noticed Natasha
  1035 | D:2      | Slain by Natasha

Vault maps used:
D:1:      lightli_iron_boxes, hex_large
D:2:      tso_metal_star, first_bread, st_stairs_2, tgw_fedhas, uniq_natasha

Skill      XL: |  1  2 |
---------------+-------+-----
Stealth        | 4 |  4.3
Short Blades   | |  0.8
Dodging        | |  1.5
Spellcasting   | |  2.8
Hexes          | |  3.6

Action                   || total
-------------------------++-------
Melee: Dagger            ||    51
       Bite              ||    10
 Cast: Ensorcelled Hiber ||     5
       Corona            ||     2
 Stab: Sleeping          ||     4
       Distracted        ||     1
Armor: Robe              ||     7
Dodge: Dodged            ||    40
